 Dungeon Crawl Stone Soup version 0.30.1-11-g7821555f0a (webtiles) character file.

Game seed: 618551783727781892

1163 KyoPewz the Destroyer (level 8, 0/52 HPs)
             Began as a Human Conjurer on Jan 9, 2024.
             Was an Initiate of Vehumet.
             Slain by an orc
             ... wielding a +0 morningstar
              (5 damage)
             ... on level 6 of the Dungeon.
             The game lasted 00:14:02 (5735 turns).

KyoPewz the Destroyer (Human Conjurer)              Turns: 5735, Time: 00:14:03

Health: 0/52       AC:  4    Str:  7    XL:     8   Next: 67%
Magic:  19/23      EV: 12    Int: 22    God:    Vehumet [......]
Gold:   113        SH:  0    Dex: 11    Spells: 1/15 levels left

rFire   . . .        c - staff of cold
rCold   + . .        (no shield)
rNeg    . . .        a - +0 robe
rPois   .            u - +0 helmet
rElec   .            (no cloak)
rCorr   .            (no gloves)
SInv    .            x - +0 pair of boots
Will    .....        (no amulet)
Stlth   ++           k - ring of magical power
HPRegen 0.28/turn    (no ring)
MPRegen 0.18/turn

%: no passive effects
@: no status effects
A: no striking features
a: Renounce Religion


You were on level 6 of the Dungeon.
You worshipped Vehumet.
Vehumet was noncommittal.
You visited 2 branches of the dungeon, and saw 7 of its levels.

You collected 203 gold pieces.
You spent 90 gold pieces at shops.

Inventory:

Missiles
 f - 55 stones
 y - 17 poisoned darts
 z - 5 boomerangs
Armour
 a - a +0 robe (worn)
 u - a +0 helmet (worn)
 x - a +0 pair of boots (worn)
Magical Staves
 c - a staff of cold (weapon)
Jewellery
 k - a ring of magical power (left hand)
 w - a +6 ring of dexterity
Wands
 C - a wand of acid (4)
Scrolls
 d - 3 scrolls of blinking {unknown}
 e - 3 scrolls of enchant weapon {unknown}
 h - 4 scrolls of identify {unknown}
 j - 2 scrolls of torment {unknown}
 l - 2 scrolls of fog {unknown}
 n - 2 scrolls of amnesia {unknown}
 r - a scroll of poison {unknown}
 t - a scroll of magic mapping {unknown}
 A - a scroll of noise {unknown}
 B - a scroll of butterflies {unknown}
 G - a scroll of vulnerability {unknown}
 H - a scroll of teleportation {unknown}
 I - a scroll of silence {unknown}
Potions
 b - 2 potions of magic
 g - a potion of mutation {unknown}
 i - 3 potions of haste {unknown}
 m - 5 potions of lignification
 o - a potion of invisibility
 p - a potion of resistance {unknown}
 q - 2 potions of curing
 s - a potion of ambrosia {unknown}
 v - 2 potions of flight {unknown}
 D - a potion of degeneration {unknown}
 E - 2 potions of berserk rage {unknown}
 F - a potion of cancellation {unknown}


   Skills:
 - Level 2.0 Dodging
 - Level 2.0 Stealth
 - Level 4.0 Spellcasting
 + Level 8.9 Conjurations
 - Level 4.0 Hexes


You had one spell level left.
You knew the following spells:

 Your Spells              Type           Power      Damage    Failure   Level
a - Magic Dart            Conj           100%       1d8       1%          1
b - Searing Ray           Conj           86%        2d7       1%          2
c - Fulminant Prism       Conj/Hex       16%        3d10      8%          4
d - Dazzling Flash        Conj/Hex       64%        N/A       2%          3
x - Iskenderun's Mystic   Conj/Tloc      24%        2d7       19%         4

Your spell library contained the following spells:

 Spells                   Type           Power      Damage    Failure   Level


Dungeon Overview and Level Annotations

Branches:
Dungeon (6/15)             Temple (1/1) D:5

Altars:
Ashenzari
Cheibriados
Dithmenos
Elyvilon
Fedhas
Hepliaklqana
Kikubaaqudgha
Nemelex Xobeh
Okawaru
Qazlal
Ru
Sif Muna
Trog
Uskayaw
Vehumet
Xom
Yredelemnul
Zin
The Shining One

Shops:
D:4 *   D:5 !


Message History

The magic dart hits the orc warrior.
The orc warrior is lightly wounded.
The orc shouts!
You hear a shout!
The orc warrior shoots a bolt.
The bolt closely misses you.
You now have 18/23 mp.
The orc warrior shoots a bolt.
The bolt hits you.
You take 5 damage, and have 47/52 hp.
Casting: Magic Dart (safe; 1% risk of failure)
Confirm with . or Enter, or press ? or * to list all spells.
Aiming: Searing Ray (safe; 1% risk of failure)
Press: ? - help, Shift-Dir - straight line, f/p - orc warrior
Aim: an orc warrior, wielding a +0 arbalest and wearing a +0 plate armour (lightly wounded, 82% to hit)
The searing ray hits the orc warrior but does no damage.
The orc warrior is lightly wounded. (Press . to maintain the ray.)
The orc warrior shoots a bolt.
The bolt hits you!!
You take 19 damage, and have 28/52 hp.
MASSIVE DAMAGE!!
You now have 17/23 mp.
The searing ray misses the orc warrior.
The orc warrior shoots a bolt.
The bolt hits you!
A gnoll comes into view. It is wielding a +0 spear.
You take 7 damage, and have 21/52 hp.
The searing ray hits the orc warrior!
The orc warrior is heavily wounded.
The orc warrior shoots a bolt.
The bolt closely misses you.
An orc comes into view. It is wielding a +0 short sword.
You hear a shout!
You now have 16/23 mp.
The orc attacks as you move away! The orc barely misses you.
Unknown command.
The orc attacks as you move away! The orc hits you with a +0 morningstar.
You take 5 damage, and have 18/52 hp.
The orc attacks as you move away! The orc barely misses you.
The orc warrior shoots a bolt.
The bolt barely misses you. The orc attacks as you move away!
The orc barely misses you. The orc attacks as you move away!
The orc barely misses you.
The orc warrior shoots a bolt.
The bolt hits you!
* * * LOW HITPOINT WARNING * * *
You take 16 damage, and have 5/52 hp.
MASSIVE DAMAGE!!
The orc attacks as you move away! The orc hits you with a +0 morningstar.
You die...

##.........##.#####...
#.........o##..##.....
#........#o##..#......
#..#...#.#............
#.#...###..........#
#......###..........#
>......##..........## #
.
......#........o...#.#..
..... ##.......@.......
###........#.##..
#...#.†........
###..###..###..
#....##..## ###....#<#
#...##....# #####....##
##.###


You could see an orc warrior and 2 orcs.

Vanquished Creatures
  An ice beast (D:5)
  A sky beast (D:6)
  A black bear (D:6)
  2 ogres (D:5)
  A centaur (D:5)
  Blork the orc (D:4)
  A scorpion (D:5)
  A hound (D:5)
  A jelly (D:5)
  An orc priest (D:5)
  Ijyb (D:4)
  3 orc wizards
  Natasha (thrice) (D:2)
  2 iguanas
  Robin (D:2)
  4 adders
  A white imp (D:5)
  2 worms
  6 dart slugs
  15 orcs
  2 ball pythons (D:2)
  10 endoplasms
  7 giant cockroaches
  14 goblins
  8 hobgoblins
  11 jackals
  5 quokkas
  7 bats
  4 frilled lizards (D:1)
  7 kobolds
  4 rats
128 creatures vanquished.

Notes
Turn   | Place    | Note
-------+----------+-------------------------------------------
     0 | D:1      | KyoPewz the Human Conjurer began the quest for the Orb.
     0 | D:1      | Reached XP level 1. HP: 13/13 MP: 3/3
   238 | D:1      | Reached XP level 2. HP: 10/19 MP: 3/5
   309 | D:1      | Learned a level 2 spell: Searing Ray
   675 | D:1      | Reached XP level 3. HP: 24/24 MP: 3/6
  1471 | D:2      | Noticed Natasha
  1478 | D:2      | Killed Natasha
  1479 | D:2      | Reached XP level 4. HP: 20/30 MP: 8/8
  1675 | D:2      | Noticed Natasha
  1679 | D:2      | Killed Natasha
  1680 | D:2      | Reached skill level 5 in Conjurations
  1680 | D:2      | Reached XP level 5. HP: 35/35 MP: 10/10
  2005 | D:2      | Noticed Robin
  2020 | D:2      | Killed Robin
  2137 | D:2      | Noticed Natasha
  2141 | D:2      | Killed Natasha
  2585 | D:3      | Reached XP level 6. HP: 41/41 MP: 11/11
  2602 | D:3      | Found a shimmering altar of Xom.
  2602 | D:3      | Found a broken altar of Ashenzari.
  2610 | D:3      | Found a bloodstained altar of Trog.
  2804 | D:3      | Found a stormy altar of Qazlal.
  3154 | D:4      | Reached skill level 6 in Conjurations
  3276 | D:4      | Learned a level 4 spell: Fulminant Prism
  3281 | D:4      | Learned a level 4 spell: Iskenderun's Mystic Blast
  3313 | D:4      | Found Suext's Mayhem Merchandise.
  3408 | D:4      | Noticed Ijyb
  3420 | D:4      | Killed Ijyb
  3522 | D:4      | Reached skill level 1 in Hexes
  4033 | D:4      | Noticed Blork the orc
  4041 | D:4      | Killed Blork the orc
  4042 | D:4      | Reached XP level 7. HP: 43/46 MP: 13/13
  4131 | D:4      | Found a white marble altar of Elyvilon.
  4182 | D:5      | Entered Level 5 of the Dungeon
  4199 | D:5      | Found Eghauj's Distillery.
  4213 | D:5      | Bought a potion of lignification for 45 gold pieces
  4213 | D:5      | Bought a potion of curing for 45 gold pieces
  4217 | D:5      | Identified the +1 scale mail of Veank {rElec rC+ Str-4
                  | Int+6}
  4611 | D:5      | Reached skill level 7 in Conjurations
  4693 | D:5      | Reached XP level 8. HP: 45/52 MP: 13/14
  4697 | D:5      | Learned a level 3 spell: Dazzling Flash
  4969 | D:5      | Reached skill level 8 in Conjurations
  5034 | D:5      | Found a staircase to the Ecumenical Temple.
  5042 | Temple   | Entered the Ecumenical Temple
  5131 | Temple   | Became a worshipper of Vehumet
  5735 | D:6      | Slain by an orc

Illustrated notes

Levels and vault maps discovered:
D:1:      ncdulo_wetmaze, layout_basic, minmay_bisected
D:2:      minmay_angry_zag, layout_basic, uniq_natasha, uniq_robin
D:3:      layout_basic, grunt_temple_overflow_open
D:4:      layout_basic, elyvilon_altar_3, minmay_shop_mayhem,
          uniq_blork_the_orc, uniq_ijyb
D:5:      layout_basic, minmay_temple_entry_metal_lava, serial_shops, shop
D:6:      layout_cave_pools, pdpol_wu_jian_five_deadly_venoms
Temple:   zaba_magenta_temple

Skill      XL: |  1  2  3  4  5  6  7  8 |
---------------+-------------------------+-----
Spellcasting   | 3 4 |  4.0
Conjurations   | 5 6 7 8 |  8.9
Hexes          | 1 3 4 |  4.0
Dodging        | |  2.0
Stealth        | |  2.0

Action                     |  1- 3 |  4- 6 |  7- 9 || total
---------------------------+-------+-------+-------++-------
  Melee: Staff             |    20 |       |     5 ||    25
   Cast: Magic Dart        |    63 |   146 |    62 ||   271
         Searing Ray       |       |     6 |    10 ||    16
 Armour: Robe              |     5 |     8 |     8 ||    21
  Dodge: Dodged            |    31 |    16 |    20 ||    67
